 Dungeon Crawl Stone Soup version 0.29.1-15-g9cfb28693d (webtiles) character file.

Game seed: 9808455297541493642

46778 KamiKatze the Severer (level 14, -9/190 HPs)
             Began as a Minotaur Berserker on Mar 19, 2023.
             Was a High Priest of Trog.
             Mangled by a tyrant leech (13 damage)
             ... on level 5 of the Lair of Beasts.
             The game lasted 01:03:22 (16516 turns).

KamiKatze the Severer (Minotaur Berserker)         Turns: 16516, Time: 01:03:22

Health: -9/190     AC: 18    Str: 27    XL:     14   Next: 6%
Magic:  4/4        EV: 14    Int:  4    God:    Trog [*****.]
Gold:   534        SH:  5    Dex: 16    Spells: 13/13 levels left

rFire   + . .      SeeInvis .   a - +3 broad axe (antimagic)
rCold   . . .      Faith    .   (no shield)
rNeg    . . .      Spirit   .   I - +0 chain mail {rF+}
rPois   .          Reflect  +   O - +2 hat {Stlth+}
rElec   .          Harm     .   g - +1 cloak
rCorr   +          Rampage  .   v - +0 pair of gloves
Will    +....                   (no boots)
Stlth   ..........              r - amulet of reflection
HPRegen 0.41/turn               l - +6 ring of dexterity
MPRegen 0.09/turn               A - ring of resist corrosion

@: berserking, slowed
A: horns 2, retaliatory headbutt
a: Renounce Religion, Berserk, Trog's Hand, Brothers in Arms


You were on level 5 of the Lair of Beasts.
You worshipped Trog.
Trog was extremely pleased with you.
You visited 3 branches of the dungeon, and saw 17 of its levels.

You collected 1018 gold pieces.
You spent 484 gold pieces at shops.

Inventory:

Hand Weapons
 a - a +3 antimagic broad axe (weapon)
 f - a +5 battleaxe
 w - a +1 demon trident of electrocution
 N - a +3 war axe
 P - a +3 battleaxe of freezing
Missiles
 y - 48 poisoned darts (quivered)
 T - a throwing net
Armour
 b - a +0 plate armour
 g - a +1 cloak (worn)
 v - a +0 pair of gloves (worn)
 I - a +0 chain mail of fire resistance (worn)
 O - a +2 hat of stealth (worn)
Jewellery
 c - an amulet of guardian spirit
 l - a +6 ring of dexterity (left hand)
 r - an amulet of reflection (around neck)
 A - a ring of resist corrosion (right hand)
 K - a +4 ring of protection
 Q - a ring of willpower
Wands
 p - a wand of paralysis (4)
 t - a wand of acid (14)
 z - a wand of polymorph (2)
 C - a wand of digging (7)
 J - a wand of flame (19)
Scrolls
 h - 3 scrolls of enchant armour
 i - 3 scrolls of summoning {unknown}
 j - 6 scrolls of blinking
 k - 4 scrolls of vulnerability
 m - 4 scrolls of noise {unknown}
 q - 5 scrolls of enchant weapon
 D - a scroll of acquirement
 F - 3 scrolls of poison {unknown}
 L - 2 scrolls of butterflies {unknown}
 W - 2 scrolls of brand weapon {unknown}
 X - 4 scrolls of teleportation
Potions
 d - 2 potions of cancellation
 e - 4 potions of heal wounds
 n - 2 potions of invisibility
 o - 2 potions of magic
 s - a potion of ambrosia
 u - 4 potions of lignification
 x - 8 potions of curing
 B - 3 potions of haste
 E - 5 potions of attraction
 G - a potion of berserk rage
 R - 2 potions of might
 U - a potion of flight


   Skills:
 + Level 12.7 Fighting
 - Level 18.0 Axes
 - Level 4.0 Throwing
 + Level 11.6 Armour
 + Level 10.9 Dodging
 - Level 10.0 Shields
 - Level 4.0 Evocations


You had 13 spell levels left.
You didn't know any spells.
Your spell library was empty.

Dungeon Overview and Level Annotations

Branches:
Dungeon (11/15)            Temple (1/1) D:7            Lair (5/5) D:10
 Shoals (0/4) Lair:2        Snake (0/4) Lair:2        Slime (0/5) Lair:4
    Orc: D:9-12

Altars:
Ashenzari
Cheibriados
Dithmenos
Elyvilon
Fedhas
Gozag
Hepliaklqana
Kikubaaqudgha
Makhleb
Nemelex Xobeh
Okawaru
Qazlal
Ru
Sif Muna
Trog
Uskayaw
Vehumet
Wu Jian
Xom
Yredelemnul
Zin
The Shining One

Shops:
D:8 [*   D:10 !!*

Annotations:
D:9 Dig on w:1
Lair:5 1 runed translucent door


Innate Abilities, Weirdness & Mutations

You have a pair of horns on your head.
You reflexively headbutt those who attack you in melee.


Message History

You barely miss the tyrant leech. The tyrant leech bites you!!
The tyrant leech draws strength from your injuries!
Unknown command.
You are too injured to fight recklessly!
You are too injured to fight recklessly!
You slice the tyrant leech!!
You kill the tyrant leech!
Trog accepts your kill.
You slice the tyrant leech!! The tyrant leech bites you!!
* * * LOW HITPOINT WARNING * * *
The tyrant leech draws strength from your injuries!
Unknown command.
The tyrant leech bites you.
* * * LOW HITPOINT WARNING * * *
The tyrant leech draws strength from your injuries!
You block the torpor snail's attack.
You closely miss the tyrant leech. Your headbutt misses the tyrant leech.
The tyrant leech is moderately wounded.
You slash the torpor snail! The tyrant leech bites you.
* * * LOW HITPOINT WARNING * * *
The tyrant leech draws strength from your injuries!
The torpor snail bites you!
* * * LOW HITPOINT WARNING * * *
A red film seems to cover your vision as you go berserk!
You feel yourself moving faster!
You feel mighty! The tyrant leech bites you.
* * * LOW HITPOINT WARNING * * *
The tyrant leech draws strength from your injuries!
The torpor snail misses you.
You hit the torpor snail but do no damage.
You headbutt the torpor snail!
The torpor snail is moderately wounded.
You closely miss the tyrant leech. The tyrant leech bites you!
* * * LOW HITPOINT WARNING * * *
The tyrant leech draws strength from your injuries!
The torpor snail bites you!
* * * LOW HITPOINT WARNING * * *
You slash the tyrant leech!
The tyrant leech is heavily wounded.
You slash the torpor snail! The tyrant leech bites you!
You die...

##.....## ##.# #..##.## ##.#.
#...### . #.#.. ##..## $
..#....#### ##..## $. ###
#.......#.## #....###$$ ##..
#......#.## ###...#+# #...
#.##...ww#.# ##...## #..
###..@..### ###..8# #.†###
####..#.....## ##....##
#$...###.....##.....###....##
##†.........#####........###
###....##### ####...##.#
###### ########


You could see a tyrant leech and a torpor snail.

Vanquished Creatures
  Gastronok (D:8)
  7 hydras
  3 catoblepae
  3 death yaks (Lair:5)
  Erica (D:10)
  4 lindwurms
  Pikel (D:5)
  A deep elf pyromancer (D:9)
  6 black mambas
  4 torpor snails (Lair:5)
  12 cane toads
  A gargoyle (D:10)
  8 komodo dragons
  2 rime drakes
  2 ice devils (D:7)
  2 polar bears
  A tyrant leech (Lair:5)
  Grinder (D:3)
  6 hornets (Lair:5)
  6 dream sheep (Lair:3)
  25 blink frogs
  11 wyverns
  4 basilisks
  A wraith (D:9)
  37 yaks
  2 steam dragons
  An acid dragon (Lair:5)
  2 nagas (Lair:2)
  19 water moccasins
  2 orc warriors
  Pargi (D:3)
  A swamp drake (Lair:5)
  An ice beast (D:6)
  3 black bears
  2 sky beasts
  A hornet zombie (D:5)
  22 wolves
  5 centaurs
  3 phantoms (D:4)
  3 kobold brigands
  13 bullfrogs
  3 scorpions
  27 wights
  A killer bee (D:6)
  6 electric eels
  2 howler monkeys (D:9)
  4 bullfrog zombies (D:5)
  4 jellies
  3 hounds
  5 orc priests
  3 iguanas
  Jessica (D:3)
  Ijyb (D:3)
  5 orc wizards
  A hound zombie (D:5)
  A howler monkey zombie (D:5)
  Robin (D:3)
  4 gnolls
  5 adders
  12 white imps
  2 ufetubi
  An adder zombie (D:5)
  24 orcs
  5 endoplasms
  6 giant cockroaches
  19 goblins
  14 hobgoblins
  17 jackals
  4 quokkas
  5 ball pythons
  6 bats
  2 frilled lizards
  21 kobolds
  7 rats
453 creatures vanquished.

Vanquished Creatures (others)
  A bush (Lair:5)
  100 fungi
  122 plants
  7 withered plants (D:5)
230 creatures vanquished.

Grand Total: 683 creatures vanquished

Notes
Turn   | Place    | Note
-------+----------+-------------------------------------------
     0 | D:1      | KamiKatze the Minotaur Berserker began the quest for the
                  | Orb.
     0 | D:1      | Reached XP level 1. HP: 19/19 MP: 0/0
   261 | D:1      | Reached XP level 2. HP: 15/27 MP: 1/1
   267 | D:1      | Reached skill level 4 in Axes
   276 | D:1      | Found a faded altar of an unknown god.
  1051 | D:2      | Reached XP level 3. HP: 33/33 MP: 0/2
  1079 | D:2      | Reached ** piety under Trog
  1080 | D:2      | Reached skill level 1 in Throwing
  1087 | D:2      | Reached XP level 4. HP: 8/40 MP: 1/3
  1601 | D:2      | Reached skill level 1 in Evocations
  1993 | D:3      | Noticed Robin
  2025 | D:3      | Killed Robin
  2065 | D:3      | Reached XP level 5. HP: 42/47 MP: 4/4
  2070 | D:3      | Reached skill level 5 in Axes
  2102 | D:3      | Noticed Jessica
  2108 | D:3      | Killed Jessica
  2108 | D:3      | Reached *** piety under Trog
  2128 | D:3      | Noticed Ijyb
  2134 | D:3      | Killed Ijyb
  2320 | D:3      | Noticed Grinder
  2323 | D:3      | Noticed Pargi
  2329 | D:3      | Killed Grinder
  2330 | D:3      | Reached skill level 5 in Fighting
  2330 | D:3      | Reached skill level 6 in Axes
  2330 | D:3      | Reached XP level 6. HP: 51/56 MP: 5/5
  2332 | D:3      | Killed Pargi
  2333 | D:3      | Reached XP level 7. HP: 60/61 MP: 6/6
  3026 | D:4      | Reached skill level 7 in Axes
  3170 | D:4      | Found an opulent altar of Gozag.
  3793 | D:5      | Entered Level 5 of the Dungeon
  3811 | D:5      | Noticed Pikel
  3839 | D:5      | Killed Pikel
  3840 | D:5      | Reached skill level 8 in Axes
  3840 | D:5      | Reached XP level 8. HP: 54/70 MP: 3/7
  3846 | D:5      | Reached skill level 9 in Axes
  4053 | D:5      | Reached skill level 10 in Axes
  4093 | D:5      | Reached **** piety under Trog
  4097 | D:5      | Reached skill level 1 in Shields
  4266 | D:5      | Reached XP level 9. HP: 39/77 MP: 6/8
  5422 | D:6      | Reached skill level 11 in Axes
  5728 | D:6      | Found an iron altar of Okawaru.
  5728 | D:6      | Found a shimmering blue altar of Sif Muna.
  5848 | D:6      | Reached skill level 5 in Armour
  6400 | D:7      | Reached skill level 5 in Dodging
  6624 | D:7      | Noticed an ice devil
  6660 | D:7      | Killed an ice devil
  6661 | D:7      | Reached XP level 10. HP: 66/86 MP: 6/9
  6777 | D:7      | Found a staircase to the Ecumenical Temple.
  6867 | Temple   | Entered the Ecumenical Temple
  7041 | D:7      | Reached skill level 12 in Axes
  7412 | D:7      | Reached skill level 5 in Shields
  7423 | D:7      | Found the +8 frozen axe "Frostbite" {freezing cloud, *Noise
                  | Fly rC+}
  7636 | D:8      | Reached ***** piety under Trog
  7674 | D:8      | Noticed Gastronok
  7697 | D:8      | Killed Gastronok
  7785 | D:8      | Found Icaliyzu's Antique Armour Boutique.
  7853 | D:8      | Found Cik Ylaodi's CLEARANCE SALE!.
  8138 | D:9      | Reached skill level 13 in Axes
  8403 | D:9      | Reached XP level 11. HP: 87/95 MP: 10/10
  8427 | D:9      | Found the +8 autumn katana {vorpal, manifold assault}
  8624 | D:9      | Noticed a deep elf pyromancer
  8688 | D:9      | Killed a deep elf pyromancer
  8760 | D:9      | Found a faded altar of an unknown god.
  8773 | D:9      | Identified the +9 quarterstaff of the Forest {freeze,
                  | rElec}
  8881 | D:8      | Bought a distressingly furry chain mail for 266 gold pieces
  8881 | D:8      | Identified the +0 chain mail "Tisuakla" {rN+ Regen+ Str-4}
                  | (You bought it in a shop on level 8 of the Dungeon)
  8958 | D:10     | Entered Level 10 of the Dungeon
  9026 | D:10     | Noticed Erica
  9033 | D:10     | Killed Erica
  9121 | D:10     | Found Zumuneije's General Store.
  9126 | D:10     | Bought a potion of cancellation for 104 gold pieces
  9134 | D:10     | Found Etiet's Distillery.
  9142 | D:10     | Bought a potion of invisibility for 88 gold pieces
  9222 | D:10     | Found a basalt altar of Yredelemnul.
  9222 | D:10     | Found a snail-covered altar of Cheibriados.
  9262 | D:10     | Found a staircase to the Lair.
  9501 | D:10     | Reached skill level 14 in Axes
  9896 | D:10     | Found Refosecs's Distillery.
  9934 | D:10     | Bought 2 potions of degeneration for 26 gold pieces
 10075 | D:10     | Found a sparkling altar of Nemelex Xobeh.
 10078 | D:10     | Found a burning altar of Makhleb.
 10081 | D:10     | Found a radiant altar of Vehumet.
 10083 | D:10     | Found a hide-covered altar of Uskayaw.
 10092 | D:10     | Found a stormy altar of Qazlal.
 10230 | Lair:1   | Entered Level 1 of the Lair of Beasts
 10360 | Lair:1   | Received a gift from Trog
 10574 | Lair:1   | Noticed a four-headed hydra
 10610 | Lair:1   | Killed a four-headed hydra
 10971 | Lair:1   | Reached skill level 10 in Fighting
 11118 | Lair:2   | Reached XP level 12. HP: 84/106 MP: 9/11
 11267 | Lair:2   | Reached skill level 15 in Axes
 11468 | Lair:2   | Found a staircase to the Snake Pit.
 11952 | Lair:2   | Found a staircase to the Shoals.
 12630 | Lair:3   | You fall into a shaft and drop 1 floor!
 12785 | Lair:4   | Noticed a catoblepas
 12811 | Lair:4   | Killed a catoblepas
 12812 | Lair:4   | Reached skill level 16 in Axes
 12973 | Lair:3   | Noticed a catoblepas
 12991 | Lair:3   | Killed a catoblepas
 13235 | Lair:3   | Noticed an eight-headed hydra
 13265 | Lair:3   | Killed an eight-headed hydra
 13456 | Lair:3   | Reached XP level 13. HP: 104/116 MP: 12/12
 13473 | Lair:3   | Received a gift from Trog
 13533 | Lair:3   | Identified a scroll of acquirement
 13597 | Lair:3   | Reached skill level 10 in Armour
 14113 | Lair:4   | Found a staircase to the Slime Pits.
 14343 | Lair:5   | Entered Level 5 of the Lair of Beasts
 14377 | Lair:5   | Reached skill level 10 in Shields
 14791 | Lair:4   | Reached skill level 17 in Axes
 15143 | Lair:5   | Reached skill level 10 in Dodging
 15794 | Lair:5   | Found a runed translucent door.
 15794 | Lair:5   | Noticed a fire dragon
 15869 | Lair:5   | Paralysed by a hornet for 2 turns
 15902 | Lair:5   | Reached skill level 18 in Axes
 16053 | Lair:5   | Reached XP level 14. HP: 64/127 MP: 4/13
 16515 | Lair:5   | HP: 4/190 [torpor snail (13)]
 16516 | Lair:5   | Mangled by a tyrant leech

Illustrated notes

Levels and vault maps discovered:
D:1:      minmay_arrival_semitransparent, layout_basic,
          shapermc_ecumenical_altar_pompeii, nicolae_kite_square_tiling_tiny,
          minivault_27
D:2:      layout_loops_cross
D:3:      layout_basic, uniq_pargi, uniq_robin, uniq_grinder, uniq_jessica,
          uniq_ijyb
D:4:      nicolae_cairo_tiling, layout_basic, grunt_gozag_statues
D:5:      layout_basic, serial_undead, serial_undead_f, serial_undead_f,
          serial_undead_a, serial_undead_c, uniq_pikel
D:6:      layout_rooms, nicolae_overflow_two_pavilions, serial_bayou,
          serial_bayou_shore_a, serial_bayou_shore_b, serial_bayou_pond_e,
          serial_bayou_ford_a, sigmund_army
D:7:      layout_loops_corners, temple_fountains,
          hellmonk_guarded_unrand_frostbite
D:8:      layout_cave_pools, nicolae_take_the_stairs, nicolae_shop_clearance,
          uniq_gastronok
D:9:      layout_big_octagon, serial_column_ruins, column_ruins_temple_circle,
          column_ruins_corridor_water, column_ruins_open_medium_water,
          column_ruins_columns_straight, column_ruins_grid_1,
          onia_ninara_dug_in_and_dangerous
D:10:     layout_roguey, nicolae_overflow_hallway_of_the_gods,
          due_lair_maze_entry_diamond, serial_shops, nicolae_shop_waterfront,
          nicolae_diamond_shop, shop, nicolae_titane, uniq_erica
D:11:     layout_irregular_city, gammafunk_ghost_icy
Temple:   hc_temple_tempest_star
Lair:1:   layout_chaotic_city
Lair:2:   layout_cave_shapes, elwin_shoals_entry_rooms,
          guppyfry_snake_entry_island, nicolae_lair_lindhole
Lair:3:   nzn_winding_woodlands_medium [nzn_winding_woodlands_5x5_three,
          nzn_winding_woodlands_5x15_jagged,
          nzn_winding_woodlands_5x5_closed_star,
          nzn_winding_woodlands_5x5_default,
          nzn_winding_woodlands_center_garden,
          nzn_winding_woodlands_5x5_open_star,
          nzn_winding_woodlands_5x5_checkerboard,
          nzn_winding_woodlands_5x15_pockets, nzn_winding_woodlands_5x5_cross],
          layout_gridlike
Lair:4:   layout_gridlike, slime_entry_1, dreamdust_deal_with_the_devil,
          grunt_megastairs_4
Lair:5:   wormcave, layout_regular_city, guppyfry_lair_end_dragon,
          columned_hall_lemuel

Skill      XL: |  1  2  3  4  5  6  7  8  9 10 11 12 13 |
---------------+----------------------------------------+-----
Axes           | 4 6 8 10 11 13 14 16 18 | 18.0
Throwing       | 1 2 4 |  4.0
Fighting       | 4 5 6 7 8 10 11 12 | 12.7
Evocations     | 1 2 3 4 |  4.0
Armour         | 3 5 6 8 9 11 | 11.6
Dodging        | 3 5 6 7 9 10 | 10.9
Shields        | 1 4 6 8 9 10 | 10.0

Action                   |  1- 3 |  4- 6 |  7- 9 | 10-12 | 13-15 || total
-------------------------+-------+-------+-------+-------+-------++-------
Melee: Hand axe          |    73 |    92 |   332 |    31 |       ||   528
       Headbutt          |     7 |    11 |    69 |   113 |    80 ||   280
       Punch             |       |     1 |     4 |     8 |     7 ||    20
       Halberd           |       |       |    16 |       |       ||    16
       War axe           |       |       |       |   476 |    37 ||   513
       Demon trident     |       |       |       |    16 |    35 ||    51
       Broad axe         |       |       |       |       |   245 ||   245
Throw: Dart              |       |       |     1 |     9 |       ||    10
Invok: Berserk           |     1 |     1 |     7 |     4 |     3 ||    16
       Trog's Hand       |       |     2 |       |     4 |       ||     6
Evoke: Wand              |       |     4 |     6 |     3 |       ||    13
  Use: Scroll            |       |       |     5 |    11 |     4 ||    20
       Potion            |       |       |       |     1 |     2 ||     3
 Stab: Distracted        |       |       |     1 |       |       ||     1
       Petrified         |       |       |       |     1 |     6 ||     7
       Petrifying        |       |       |       |     1 |       ||     1
Armor: Ring mail         |    11 |       |       |       |       ||    11
       Scale mail        |    23 |    28 |    81 |     8 |       ||   140
       Chain mail        |       |       |       |   190 |    95 ||   285
Dodge: Dodged            |    52 |    43 |   152 |   247 |   156 ||   650
Block: Other             |       |       |       |       |    24 ||    24
